 Dungeon Crawl Stone Soup version 0.18-a0-1637-g109f206 (webtiles) character file.

17 suvakkihuora the Chopper (level 2, 0/27 HPs)
             Began as a Minotaur Chaos Knight on Mar 26, 2016.
             Slain by Edmund
             ... wielding a +1 flail of crushing
              (10 damage)
             ... on level 5 of the Dungeon.
             The game lasted 00:01:11 (384 turns).

suvakkihuora the Chopper (Minotaur Chaos Knight)     Turns: 384, Time: 00:01:12

Health: 0/27       AC:  5    Str: 16    XL:     2   Next: 44%
Magic:  1/1        EV: 16    Int:  9    God:    Xom [...*..]
Gold:   39         SH:  0    Dex: 14    Spells: 0 memorised, 1 level left

rFire  . . .     SeeInvis .     a - +0 hand axe (chaos)
rCold  . . .     Gourm    .     b - +2 leather armour
rNeg   . . .     Faith    .     (no shield)
rPois  .         Spirit   .     (helmet restricted)
rElec  .         Dismiss  .     (no cloak)
rCorr  .         Reflect  .     (no gloves)
SustAt .         Harm     .     (no boots)
MR     .....                    (no amulet)
Stlth  ++........               (no ring)
                                h - ring of flight

@: agile, not resistant to hostile enchantments, unstealthy
A: retaliatory headbutt, horns 2
a: Renounce Religion, Evoke Flight


You were on level 5 of the Dungeon.
You worshipped Xom.
You were a favourite toy of Xom.
You were not hungry.

You visited 1 branch of the dungeon, and saw 5 of its levels.

You collected 39 gold pieces.

Inventory:

Hand Weapons
 a - a +0 hand axe of chaos (weapon)
Armour
 b - a +2 leather armour (worn)
Jewellery
 h - a ring of flight (left hand)
Scrolls
 e - a scroll of identify {unknown}
 f - a scroll of recharging {unknown}
Comestibles
 c - 2 bread rations
 d - a chunk of flesh


   Skills:
 + Level 4.1 Fighting
 * Level 4.3 Axes
 - Level 2.4 Armour
 - Level 1.1 Dodging


You had one spell level left.
You didn't know any spells.

Dungeon Overview and Level Annotations

Branches:
Dungeon (5/15)
 Temple: D:4-7

Altars:
Pakellas
Xom

Annotations:
D:5 Edmund


Innate Abilities, Weirdness & Mutations

You reflexively headbutt those who attack you in melee.
You have a pair of horns on your head.


Message History

Xom thinks this is hilarious!
You hit Edmund. Your headbutt misses Edmund.
Edmund is lightly wounded.
Edmund hits you with a flail of crushing.
You hit Edmund. You freeze Edmund. You headbutt Edmund.
Edmund is moderately wounded.
Edmund barely misses you.
You closely miss Edmund.
Edmund is moderately wounded.
Edmund hits you with a flail of crushing.
You hit Edmund.
Edmund flickers and vanishes!
Deactivating autopickup; reactivate with Ctrl-A.
You headbutt something. Something hits you but does no damage.
You hit something. You headbutt something. You hit something.
Something barely misses you.
You closely miss something. You headbutt something.
Something barely misses you.
You miss something. Something hits you!
You die... "It was about time."

..........# #.#
..........# ###.###
.._.......# #.....#
..........####.....#
......#............#
#..##.####.###.....#
#.##..#....# #.#.###
#.#.......## #.#.# #
#..##.#.####)#@#
.....##<..##...#{#
..#.##...#...###.#
..#.#...##.### #.# .
#.#......# #.#
#.....#### #.#
......### #.# ......
#.# .....#


There were no monsters in sight!

Vanquished Creatures
  A shadow imp (D:5)
  5 kobolds
  3 ball pythons (D:1)
  2 giant newts (D:1)
  A rat (D:1)
12 creatures vanquished.

Notes
Turn   | Place    | Note
--------------------------------------------------------------
     0 | D:1      | suvakkihuora the Minotaur Chaos Knight began the quest for the Orb.
     0 | D:1      | Reached XP level 1. HP: 19/19 MP: 0/0
   146 | D:1      | XOM: divination: magic mapping
   251 | D:2      | Found an oddly glowing altar of Pakellas.
   292 | D:2      | Reached XP level 2. HP: 27/27 MP: 1/1
   335 | D:5      | Entered Level 5 of the Dungeon
   335 | D:5      | Found a shimmering altar of Xom.
   373 | D:5      | Noticed Edmund
   384 | D:5      | Slain by Edmund

Vault maps used:
D:1:      erik_arrival_cave_to_civilisation, wad_floor_pattern_untrapped,
          st_stairs_11, nrook_mini_vaults, minmay_shallow_snake_nest
D:2:      old_standard_altar, grunt_pakellas_basics, uniq_jessica, uniq_sigmund
D:3:      grunt_temple_overflow_opulence, kennysheep_ying_yang,
          grunt_temple_overflow_champion_of_chaos, first_bread, uniq_natasha
D:4:      serial_shops, kennysheep_little_box
D:5:      basic_altar, grunt_qazlal_clouds, uniq_edmund

Skill      XL: |  1  2 |
---------------+-------+-----
Axes           | 4 |  4.3
Fighting       | 4 |  4.1
Armour         | |  2.4
Dodging        | |  1.1

Action                   || total
-------------------------++-------
Melee: Hand axe          ||    30
  Use: Potion            ||     1
